 Dungeon Crawl Stone Soup version 0.24.1-14-gf8d2b509d9 (webtiles) character file.

Game seed: 9863830271588324576, levelgen mode: deterministic

62 Peloso the Skirmisher (level 3, -2/29 HPs)
             Began as a Demonspawn Fighter on May 31, 2020.
             Slain by an orc wizard
             ... wielding a +1 dagger of freezing
              (3 damage)
             ... on level 2 of the Dungeon.
             The game lasted 00:02:27 (1299 turns).

Peloso the Skirmisher (Demonspawn Fighter)          Turns: 1299, Time: 00:02:28

Health: -2/29      AC: 11    Str: 15 (17) XL:     3   Next: 85%
Magic:  3/3        EV:  2    Int:  8 (9)  God:
Gold:   95         SH:  8    Dex: 11 (14) Spells: 2/2 levels left

rFire    . . .     SeeInvis .   a - +0 long sword
rCold    . . .     Gourm    .   c - +0 shield
rNeg     . . .     Faith    .   l - +0 plate armour
rPois    .         Spirit   .   (no helmet)
rElec    .         Reflect  .   (no cloak)
rCorr    .         Harm     .   (no gloves)
MR       .....                  (no boots)
Stlth    ..........             (no amulet)
HPRegen  0.09/turn              i - ring of stealth
MPRegen  0.08/turn              (no ring)

@: lethally poisoned (-2 -> -11), invisible
A: claws 1, thin skeletal structure 1
a: no special abilities


You were on level 2 of the Dungeon.
You were near starving.

You visited 1 branch of the dungeon, and saw 2 of its levels.

You collected 95 gold pieces.

Inventory:

Hand Weapons
 a - a +0 long sword (weapon)
Armour
 b - a +0 scale mail
 c - a +0 shield (worn)
 l - a +0 plate armour (worn)
Jewellery
 i - a ring of stealth (left claw)
Scrolls
 e - 2 scrolls of identify {unknown}
 g - a scroll of enchant weapon {unknown}
 h - a scroll of remove curse {unknown}
 k - a scroll of amnesia {unknown}
Potions
 d - a potion of might
Comestibles
 f - 4 rations


   Skills:
 + Level 3.5 Fighting
 + Level 2.6 Long Blades
 + Level 3.0 Armour
 + Level 0.6 Dodging
 + Level 3.0 Shields


You had 2 spell levels left.
You didn't know any spells.
Your spell library was empty.

Dungeon Overview and Level Annotations

Branches:
Dungeon (2/15)

Altars:


Innate Abilities, Weirdness & Mutations

You have sharp fingernails.
You have a somewhat thin skeletal structure. (Dex +2, Stealth)


Message History

You miss the adder.
The adder is lightly wounded.
* * * LOW HITPOINT WARNING * * *
You feel sick. You block the adder's attack.
The adder bites you but does no damage.
You barely miss the adder.
The adder is lightly wounded.
* * * LOW HITPOINT WARNING * * *
You feel sick. The adder bites you.
* * * LOW HITPOINT WARNING * * *
You are more poisoned.
The adder poisons you!
The orc wizard hits you but does no damage.
The adder bites you but does no damage. You block the orc wizard's attack.
It was a potion of invisibility.
You fade into invisibility!
* * * LOW HITPOINT WARNING * * *
You feel sick. The adder bites you but does no damage.
The orc wizard hits you with a +1 dagger of freezing.
You die...

#. ### #. .. #.
.# # ###.##
####.##.##.
....#
#.S@.......
#..###.##o##.##.
###
#..##......#.##
#..
#.<............
...
##.##..######.#
.. #.##..# #.#
#. #.##..# #.#
#.###.# #.##..#
#r# #......
......# #)# #..


You could see an orc wizard and an adder.

Vanquished Creatures
  An orc priest (D:2)
  3 leopard geckos
  2 orcs (D:1)
  3 bats
  2 giant cockroaches (D:2)
  6 hobgoblins
  A jackal (D:1)
  3 kobolds (D:1)
  A frilled lizard (D:1)
  A goblin (D:1)
  3 rats (D:1)
26 creatures vanquished.

Notes
Turn   | Place    | Note
-------+----------+-------------------------------------------
     0 | D:1      | Peloso the Demonspawn Fighter began the quest for the Orb.
     0 | D:1      | Reached XP level 1. HP: 18/18 MP: 1/1
    86 | D:1      | Gained mutation: You have a somewhat thin skeletal
                  | structure. (Dex +2, Stealth) [demonic ancestry]
    86 | D:1      | Reached XP level 2. HP: 24/24 MP: 2/2
   249 | D:1      | You fall into a shaft and drop 1 floor!
   357 | D:2      | Gained mutation: You have sharp fingernails. [demonic
                  | ancestry]
   357 | D:2      | Reached XP level 3. HP: 7/29 MP: 3/3
  1299 | D:2      | HP: 1/29 [poisoned by an adder]
  1299 | D:2      | Slain by an orc wizard

Levels and vault maps discovered:
D:1:      saegor_arrival_simple_a, layout_basic
D:2:      layout_loops_ring, marbit_many_paths, first_ration, elyvilon_altar_1

Skill      XL: |  1  2  3 |
---------------+----------+-----
Long Blades    | 2 |  2.6
Shields        | 3 |  3.0
Armour         | 3 |  3.0
Fighting       | |  3.5
Dodging        | |  0.6

Action                   || total
-------------------------++-------
Melee: Long sword        ||   123
  Use: Potion            ||     3
Armor: Scale mail        ||    46
       Plate armour      ||    47
Dodge: Dodged            ||    51
Block: Shield            ||    77
       Rpst.: Long sword ||    23
